 Dungeon Crawl Stone Soup version 0.20-a0-760-g49f5558 (webtiles) character file.

37 useraccount the Skirmisher (level 3, 19/29 HPs)
             Began as a Demonspawn Monk on Feb 25, 2017.
             Quit the game on level 2 of the Dungeon.
             The game lasted 00:01:04 (1083 turns).

useraccount the Skirmisher (Demonspawn Monk)        Turns: 1083, Time: 00:01:04

Health: 19/29      AC:  7    Str: 12    XL:     3   Next: 23%
Magic:  3/3        EV: 11    Int: 11    God:
Gold:   71         SH:  0    Dex: 15    Spells: 2/2 levels left

rFire    + . .     SeeInvis .     - Unarmed
rCold    . . .     Gourm    .   f - +0 ring mail
rNeg     . . .     Faith    .   (no shield)
rPois    .         Spirit   .   (no helmet)
rElec    .         Reflect  .   (no cloak)
rCorr    .         Harm     .   (no gloves)
MR       .....                  (no boots)
Stlth    +.........             i - amulet of rage (curse)
Regen    0.1/turn               (no ring)
MPRegen  0.1/turn               m - ring of protection from fire

@: mildly poisoned (19 -> 13)
A: talons 1, yellow scales 1
a: Evoke Berserk Rage


You were on level 2 of the Dungeon.
You were not hungry.

You visited 1 branch of the dungeon, and saw 2 of its levels.

You collected 71 gold pieces.

Inventory:

Armour
 f - a +0 ring mail (worn)
Jewellery
 i - a cursed amulet of rage (around neck)
 m - a ring of protection from fire (left hand)
Scrolls
 a - 2 scrolls of immolation {unknown}
 d - a scroll of identify {unknown}
 e - a scroll of remove curse {unknown}
 h - a scroll of blinking {unknown}
 j - a scroll of recharging {unknown}
 k - a scroll of magic mapping {unknown}
 l - a scroll of fear {unknown}
Potions
 c - a potion of haste {unknown}
Comestibles
 b - a bread ration
 g - 2 chunks of flesh


   Skills:
 + Level 3.4 Fighting
 + Level 0.6 Armour
 + Level 2.8 Dodging
 - Level 2.0 Stealth
 * Level 3.1 Unarmed Combat


You had 2 spell levels left.
You didn't know any spells.

Dungeon Overview and Level Annotations

Branches:
Dungeon (2/15)

Altars:


Innate Abilities, Weirdness & Mutations

You have sharp toenails.
You are partially covered in yellow scales. (AC +2)


Message History

You hit the adder.
The adder is severely wounded.
The adder closely misses you. The kobold barely misses you.
The adder bites you but does no damage.
You closely miss the adder.
The adder is severely wounded.
The kobold hits you with a dagger. The adder bites you.
You are poisoned.
The adder poisons you!
You hit the adder.
You kill the adder!
You have reached level 3!
Your experience leads to an increase in your attributes!
Increase (S)trength, (I)ntelligence, or (D)exterity?
You feel stronger.
Your demonic ancestry asserts itself...
Your toenails lengthen and sharpen.
You feel sick. The kobold hits you but does no damage.
You closely miss the kobold. Your kick misses the kobold.
The kobold hits you with a dagger.
Are you sure you want to abandon this character and quit the game? (Confirm with "yes".)

##......#...##.##
.........(.......
.#.....##(.......
.......##.##....# .
#....##.#...[.# ...
## #(.)........
..(.####.###......#
...........#.......
##++..†@.###.......
#..)K.# ....>.#
....?....# ....#.#
........## #######
........# .......##
P...... ♣♣.....


You could see a kobold.

Vanquished Creatures
  An adder (D:2)
  A leopard gecko (D:1)
  A giant cockroach (D:2)
  3 hobgoblins
  3 jackals (D:1)
  2 kobolds
  4 bats (D:1)
  2 frilled lizards (D:1)
  5 goblins
  4 rats
26 creatures vanquished.

Notes
Turn   | Place    | Note
-------+----------+-------------------------------------------
     0 | D:1      | useraccount the Demonspawn Monk began the quest for the Orb.
     0 | D:1      | Reached XP level 1. HP: 18/18 MP: 1/1
   417 | D:1      | Gained mutation: You are partially covered in yellow scales. (AC +2) [demonic ancestry]
   417 | D:1      | Reached XP level 2. HP: 24/24 MP: 2/2
  1081 | D:2      | Gained mutation: You have sharp toenails. [demonic ancestry]
  1081 | D:2      | Reached XP level 3. HP: 22/29 MP: 3/3
  1083 | D:2      | Quit the game

Vault maps used:
D:1:      eino_arrival_water_cross
D:2:      grunt_decor_one_mirror, serial_bayou_ford_a

Skill      XL: |  1  2 |
---------------+-------+-----
Unarmed Combat | 3 |  3.1
Stealth        | 2 |  2.0
Fighting       | |  3.4
Armour         | |  0.6
Dodging        | |  2.8

Action                   || total
-------------------------++-------
Melee: Unarmed           ||   122
 Stab: Sleeping          ||     1
  Eat: Chunk             ||     1
Armor: Robe              ||     6
       Ring mail         ||    52
Dodge: Dodged            ||    86
